 Dungeon Crawl Stone Soup version 0.28.0-43-g3370ac3207 (webtiles) character file.

Game seed: 882156649625791837

84365 pkoi the Black Belt (level 15, 0/115 HPs)
             Began as a Pale Draconian Warper on Mar 14, 2022.
             Was a High Priest of Hepliaklqana.
             Slain by a warg (14 damage)
             ... on level 1 of the Orcish Mines.
             The game lasted 01:27:30 (36583 turns).

pkoi the Black Belt (Pale Draconian Warper)        Turns: 36583, Time: 01:27:31

Health: 0/115      AC: 17    Str: 17    XL:     15   Next: 35%
Magic:  27/28      EV: 15    Int: 32    God:    Hepliaklqana [*****.]
Gold:   890        SH:  0    Dex: 13    Spells: 16/32 levels left

rFire   . . .      SeeInvis .     - Unarmed
rCold   + + .      Faith    .   (no shield)
rNeg    . . .      Spirit   .   (armour unavailable)
rPois   .          Reflect  .   (helmet restricted)
rElec   .          Harm     .   e - +3 cloak of Sunlight {rC+ Slay+4}
rCorr   .          Rampage  .   m - +1 pair of gloves of Tisul {Str+4}
Will    +....                   N - +1 pair of boots of Feasting {Will- Int+7 Slay+3}
Stlth   ++++......              f - amulet of regeneration
HPRegen 1.09/turn               i - +6 ring of intelligence
MPRegen 0.21/turn               n - ring "Aghaxkyr" {rC+ Will+ Slay+6 Stlth+}

@: about to teleport, studying Staves
A: reduced essence, breathe steam, AC +9, unfitting armour, cold-blooded, steam
resistance
a: Breathe Steam, Renounce Religion, Recall Ancestor, Ancestor Identity,
Transference, Idealise


You were on level 1 of the Orcish Mines.
You worshipped Hepliaklqana.
Hepliaklqana was extremely pleased with you.
You visited 5 branches of the dungeon, and saw 23 of its levels.
You also visited: Gauntlet.

You collected 2407 gold pieces.
You spent 1517 gold pieces at shops.

Inventory:

Hand Weapons
 b - the +6 hunting sling of Idweus {flame, rElec rN+ Int-3}
   (You bought it in a shop on level 8 of the Dungeon)

   Any ammunition fired from it burns those it strikes, dealing additional fire
   damage.
   Int:       It affects your intelligence (-3).
   rElec:     It insulates you from electricity.
   rN:        It protects you from negative energy.
 P - a +4 dagger of venom
Missiles
 B - 2 curare-tipped darts
 C - 5 throwing nets
 E - 5 boomerangs of dispersal
 F - 125 sling bullets
 K - 18 boomerangs
Armour
 e - the +3 cloak of Sunlight (worn) {rC+ Slay+4}
   (You acquired it on level 1 of the Lair of Beasts)

   Slay:      It affects your accuracy & damage with ranged weapons and melee
   (+4).
   rC:        It protects you from cold.
 m - the +1 pair of gloves of Tisul (worn) {Str+4}
   (You found it on level 1 of the Orcish Mines)

   Str:       It affects your strength (+4).
 N - the +1 pair of boots of Feasting (worn) {Will- Int+7 Slay+3}
   (You bought it in a shop on level 8 of the Dungeon)

   Int:       It affects your intelligence (+7).
   Slay:      It affects your accuracy & damage with ranged weapons and melee
   (+3).
   Will:      It decreases your willpower.
Magical Staves
 T - a staff of cold
Jewellery
 f - an amulet of regeneration (around neck)
 i - a +6 ring of intelligence (left hand)
 n - the ring "Aghaxkyr" (right hand) {rC+ Will+ Slay+6 Stlth+}
   (You bought it in a shop on level 10 of the Dungeon)

   [ring of willpower]

   Slay:      It affects your accuracy & damage with ranged weapons and melee
   (+6).
   rC:        It protects you from cold.
   Will:      It increases your willpower.
   Stlth:     It makes you more stealthy.
Wands
 o - a wand of polymorph (14)
 p - a wand of iceblast (15)
 q - a wand of mindburst (25)
 t - a wand of flame (35)
 u - a wand of digging (7)
 A - a wand of paralysis (6)
 I - a wand of acid (4)
Scrolls
 a - 3 scrolls of blinking
 l - 2 scrolls of fog
 s - 2 scrolls of teleportation
 y - 5 scrolls of magic mapping
 z - a scroll of fear
 H - 3 scrolls of amnesia
 L - a scroll of enchant weapon
 M - 3 scrolls of enchant armour
Potions
 c - 6 potions of heal wounds
 d - 2 potions of might
 g - a potion of cancellation
 h - 10 potions of curing
 j - 3 potions of ambrosia
 k - 4 potions of haste
 r - 4 potions of brilliance {unknown}
 v - a potion of berserk rage
 x - 4 potions of mutation {unknown}
 D - a potion of flight
 J - a potion of magic
 Q - 4 potions of invisibility {unknown}
Miscellaneous
 U - a phantom mirror
 V - a tin of tremorstones (2/2)


   Skills:
 + Level 10.4 Fighting
 - Level 0.8 Throwing
 + Level 8.8 Dodging
 - Level 6.0 Stealth
 - Level 15.0 Unarmed Combat
 - Level 9.0 Spellcasting
 - Level 9.0 Summonings
 - Level 12.0 Translocations
 + Level 0.4 Transmutations
 - Level 9.0 Invocations


You had 16 spell levels left.
You knew the following spells:

 Your Spells              Type           Power      Damage    Failure   Level
a - Blink                 Tloc           100%       N/A       1%          2
b - Manifold Assault      Tloc           74%        N/A       1%          5
c - Call Canine Familiar  Summ           64%        N/A       1%          3
d - Apportation           Tloc           100%       N/A       1%          1
e - Blade Hands           Tmut           8%         N/A       61%         5

Your spell library contained the following spells:

 Spells                   Type           Power      Damage    Failure   Level
 Summon Small Mammal      Summ           100%       N/A       1%          1
 Gell's Gravitas          Tloc           74%        N/A       1%          3
 Lesser Beckoning         Tloc           74%        N/A       1%          3
 Portal Projectile        Hex/Tloc       100%       N/A       1%          3
 Teleport Other           Tloc           74%        N/A       1%          3
 Animate Skeleton         Necr           28%        N/A       3%          1
 Freeze                   Ice            56%        1d7       3%          1
 Pain                     Necr           56%        1d6       3%          1
 Dispersal                Tloc           37%        N/A       3%          6
 Ensorcelled Hibernation  Hex/Ice        28%        N/A       4%          2
 Frozen Ramparts          Ice            28%        1d4       10%         3
 Spider Form              Tmut/Pois      15%        N/A       10%         3
 Anguish                  Hex/Necr       7%         N/A       32%         4
 Hailstorm                Conj/Ice       14%        3d5       32%         4
 Leda's Liquefaction      Hex/Erth       7%         N/A       32%         4
 Agony                    Necr           14%        N/A       67%         5
 Excruciating Wounds      Necr           7%         N/A       67%         5
 Iron Shot                Conj/Erth      7%         9d2       99%         6
 Animate Armour           Summ/Erth      Unusable   N/A       N/A         4

Dungeon Overview and Level Annotations

Branches:
Dungeon (13/15)            Temple (1/1) D:7            Lair (6/6) D:10
 Shoals (1/4) Lair:3        Snake (0/4) Lair:3        Slime (0/5) Lair:5
    Orc (2/2) D:11            Elf (0/3) Orc:2       Gauntlet (visited)
 Vaults: D:13-14

Altars:
Ashenzari
Elyvilon
Gozag
Hepliaklqana
Kikubaaqudgha
Makhleb
Nemelex Xobeh
Okawaru
Ru
Trog
Uskayaw
Vehumet
Wu Jian
Xom
Zin
The Shining One
Beogh

Shops:
D:2 [   D:8 [*(*   D:10 =   Orc:1 [   Orc:2 :*[(

Annotations:
D:12 3 runed translucent doors, exclusion: obsidian statue, crimpus's ghost, journeyman TeAE
Orc:1 Hesyel's ghost, journeyman MiGl
Orc:2 exclusion: oklob plant


Innate Abilities, Weirdness & Mutations

Your life essence is reduced to manifest your ancestor. (-10% HP)
You can breathe blasts of scalding, opaque steam.
Your pale cyan-grey scales are hard. (AC +9)
You cannot fit into any form of body armour.
You are cold-blooded and may be slowed by cold attacks.
You are immune to the effects of steam.


Message History

Your wolf's corpse disappears in a puff of smoke!
The warg barely misses you. The warg bites you!
* * * LOW HITPOINT WARNING * * *
The warg closely misses you.
There is a transporter, spattered with blood here.
You enter the transporter and appear at another place.
The warg bites you but does no damage. Hesyel's ghost hits you!!
* * * LOW HITPOINT WARNING * * *
Hesyel's ghost burns you.
* * * LOW HITPOINT WARNING * * *
The warg barely misses you.
Unknown command.
You hit Hesyel's ghost but do no damage.
Your tail-slap misses Hesyel's ghost.
You punch Hesyel's ghost!
Hesyel's ghost is lightly damaged.
You hear a howl!
The warg bites you!
* * * LOW HITPOINT WARNING * * *
Hesyel's ghost barely misses you.
As you read the scroll of teleportation, it crumbles to dust.
You feel strangely unstable. The warg misses you.
The warg bites you but does no damage.
You hear a howl!
Hesyel's ghost hits you!!
* * * LOW HITPOINT WARNING * * *
Hesyel's ghost burns you.
* * * LOW HITPOINT WARNING * * *
Casting: Call Canine Familiar (safe; 1% risk of failure)
Confirm with . or Enter, or press ? or * to list all spells.
You blink.
You hear a howl! x2
Your surroundings seem slightly different.
You hear a howl! x2
You hear a howl! x2
As you read the scroll of teleportation, it crumbles to dust.
You feel strangely unstable.
You hear a howl! x3
The warg bites you!
You die...

###.........).#..## #.# ####
####.......#.....## ###.## #..#
#..##...#.####..#####....### ##.#
....##..#####.....##.......###...
...#########.....)##........#..#R
..........##...##[)[..###......#.
....#####.....###..).#####...####
..###...###...##.......##.....###
.##.$.....#....#@.###..#..##...#.
.#..#$#...#.#..h..# #.....##.#...
.#..#.#...#......## #.....#####.#
.##[....#.##.#.### ###....##.#..)
..#).#...#.#.### ##...#...#...#.
.©#?..©#...#.# ###...##......###
..#!#...h.##h####.#...####...####
.##!#..y#h#§†.#.......##......##.
.# .#.##..##................#..#.


You could see a warg (berserk).

Vanquished Creatures
  An orc warlord (Orc:2)
  A minotaur (Gauntlet)
  A merfolk javelineer (Shoals:1)
  Fannar (D:11)
  2 boulder beetles
  5 hydras
  A merfolk avatar (Lair:6)
  Harold (D:7)
  A death knight (D:12)
  3 two-headed ogres
  2 centaur warriors (D:13)
  2 death yaks
  An alligator snapping turtle (Shoals:1)
  A tengu warrior (D:12)
  3 orc high priests (Orc:2)
  A skeletal warrior (D:12)
  3 sea snakes
  2 wizards (Gauntlet)
  Pikel (D:4)
  2 orc knights (Orc:2)
  A harpy (Lair:6)
  4 orc sorcerers
  An ugly thing (D:13)
  3 manticores
  3 cyclopes
  4 elephants
  Maurice (D:10)
  3 black mambas (Lair:6)
  3 unseen horrors
  8 cane toads
  4 rime drakes
  A yaktaur (D:13)
  A gargoyle (D:11)
  An efreet (D:13)
  2 kobold demonologists
  A freezing wraith (D:12)
  10 komodo dragons
  2 polar bears (Lair:6)
  3 trolls
  5 merfolk (Shoals:1)
  Prince Ribbit (D:5)
  2 snapping turtles
  6 blink frogs
  8 dream sheep
  Sigmund (D:3)
  2 wraiths
  A shadow (D:9)
  6 wyverns
  A basilisk (Lair:4)
  21 yaks
  2 steam dragons (Lair:6)
  6 wargs
  10 vampire mosquitoes
  Edmund (D:5)
  12 water moccasins
  37 orc warriors
  2 black bears
  2 ice beasts (D:6)
  6 ogres
  A necrophage (D:6)
  14 wolves
  11 centaurs
  3 lemures
  3 kobold brigands
  Blork the orc (D:3)
  17 bullfrogs
  2 scorpions
  A wyvern zombie (D:7)
  Dowan (D:4)
  6 killer bees (D:9)
  4 wights (D:7)
  5 howler monkeys
  4 electric eels
  A hexer (Lair:2)
  A bullfrog zombie (D:6)
  9 hounds
  Crazy Yiuf (D:4)
  6 centaur zombies
  2 gnoll shamans
  26 orc priests
  3 centaur skeletons (D:7)
  3 iguanas
  18 orc wizards
  8 adders
  A howler monkey skeleton (D:7)
  9 gnolls
  2 shadow imps
  2 white imps
  An ufetubus (D:5)
  An adder skeleton (D:4)
  2 dart slugs
  91 orcs
  5 bats
  4 endoplasms
  4 giant cockroaches
  8 goblins
  9 hobgoblins
  2 jackals (D:5)
  12 kobolds
  2 quokkas (D:1)
  14 ball pythons
  8 frilled lizards
  4 rats
555 creatures vanquished.

Vanquished Creatures (collateral kills)
  An orc warlord (Orc:2)
  An ettin (Orc:2)
  A merfolk impaler (Shoals:1)
  A vault guard (D:13)
  The ghost of Iwashere the Cleaver, a journeyman MiBe of Trog (Lair:3)
  A boulder beetle (Lair:6)
  3 hydras
  Erolcha (D:13)
  A dancing weapon (Shoals:1)
  2 death yaks (Lair:5)
  Urug (D:10)
  Nergalle (Lair:1)
  A phantasmal warrior (D:12)
  2 orc knights (Orc:2)
  A cyclops (D:11)
  2 orc sorcerers (Orc:2)
  8 elephants
  A merfolk siren (Shoals:1)
  A water nymph (Shoals:1)
  3 black mambas
  3 cane toads
  A rime drake (Lair:6)
  A gargoyle (D:10)
  A komodo dragon (Lair:6)
  A torpor snail (Lair:2)
  2 polar bears (Lair:6)
  A merfolk (Shoals:1)
  A hornet (D:10)
  4 dream sheep
  2 snapping turtles
  2 blink frogs
  A shadow (D:11)
  14 yaks
  A wraith (D:11)
  A wyvern (Lair:4)
  2 vampire mosquitoes (D:12)
  Duvessa (D:4)
  2 water moccasins
  4 orc warriors
  A black bear (Lair:3)
  2 wolves
  2 bullfrogs
  A hexer (D:12)
  An electric eel (Lair:1)
  2 orc priests (Orc:2)
  2 hounds (D:10)
  5 orc wizards
  14 orcs
  A kobold (D:9)
110 creatures vanquished.

Vanquished Creatures (others)
  20 hexers
  3 ancestors (D:9)
  53 fungi
  81 plants
  4 tentacles (Shoals:1)
161 creatures vanquished.

Grand Total: 826 creatures vanquished

Notes
Turn   | Place    | Note
-------+----------+-------------------------------------------
     0 | D:1      | pkoi the Draconian Warper began the quest for the Orb.
     0 | D:1      | Reached XP level 1. HP: 17/17 MP: 3/3
   564 | D:1      | Found a faded altar of an unknown god.
   605 | D:1      | Reached XP level 2. HP: 10/24 MP: 5/5
   884 | D:1      | Reached skill level 3 in Unarmed Combat
  1590 | D:2      | Learned a level 2 spell: Blink
  1616 | D:2      | Reached XP level 3. HP: 25/29 MP: 6/6
  1805 | D:2      | Found a hide-covered altar of Uskayaw.
  2017 | D:2      | Found Luoth's Armour Boutique.
  2076 | D:2      | Reached skill level 4 in Unarmed Combat
  2504 | D:2      | Reached XP level 4. HP: 24/36 MP: 7/7
  2779 | D:3      | You fall into a shaft and drop 3 floors!
  2781 | D:6      | Noticed a scorpion
  2818 | D:6      | Killed a scorpion
  2819 | D:6      | Reached skill level 5 in Unarmed Combat
  2819 | D:6      | Reached XP level 5. HP: 11/41 MP: 8/8
  3085 | D:6      | Noticed a water moccasin
  3089 | D:5      | Entered Level 5 of the Dungeon
  3092 | D:5      | Noticed a centaur
  3124 | D:5      | Killed a centaur
  3125 | D:5      | Reached skill level 6 in Unarmed Combat
  3125 | D:5      | Reached XP level 6. HP: 24/48 MP: 9/9
  3338 | D:4      | Found an opulent altar of Gozag.
  3356 | D:4      | Found a shimmering altar of Xom.
  3384 | D:4      | Noticed Sigmund
  3384 | D:4      | Noticed Blork the orc
  3410 | D:3      | Reached skill level 7 in Unarmed Combat
  3554 | D:3      | Found a glowing silver altar of Zin.
  3920 | D:3      | Your scales start taking on a pale cyan-grey colour.
  3920 | D:3      | Reached XP level 7. HP: 53/55 MP: 10/10
  3920 | D:3      | Gained mutation: You are immune to the effects of steam.
                  | [Pale Draconian growth]
  4273 | D:4      | Noticed Duvessa
  4273 | D:4      | Found a bloodstained altar of Trog.
  4274 | D:4      | Noticed Dowan
  4339 | D:4      | Reached skill level 8 in Unarmed Combat
  4927 | D:3      | Learned a level 5 spell: Manifold Assault
  4958 | D:3      | Killed Sigmund
  4959 | D:3      | Reached skill level 9 in Unarmed Combat
  4995 | D:3      | Killed Blork the orc
  5711 | D:4      | Noticed Pikel
  6050 | D:5      | Reached XP level 8. HP: 61/61 MP: 11/11
  6200 | D:5      | Noticed Edmund
  6209 | D:5      | Killed Edmund
  6210 | D:5      | Reached skill level 10 in Unarmed Combat
  7054 | D:6      | Noticed Prince Ribbit
  7825 | D:6      | Reached XP level 9. HP: 64/71 MP: 13/13
  8107 | D:7      | Learned a level 3 spell: Call Canine Familiar
  8114 | D:7      | Noticed a boulder beetle
  8184 | D:7      | Found a staircase to the Ecumenical Temple.
  8194 | Temple   | Entered the Ecumenical Temple
  8213 | Temple   | Became a worshipper of Hepliaklqana the Forgotten
  8277 | D:7      | Found an ancient bone altar of Kikubaaqudgha.
  8280 | D:7      | Found a sacrificial altar of Ru.
  8311 | D:7      | Noticed Harold
  8330 | D:6      | Reached skill level 1 in Summonings
  8744 | D:7      | Killed Harold
  8745 | D:7      | Reached skill level 5 in Translocations
  8989 | D:7      | Reached skill level 5 in Fighting
  9395 | D:7      | Found an ornate altar of the Wu Jian Council.
  9395 | D:7      | Found a sparkling altar of Nemelex Xobeh.
  9547 | D:7      | Learned a level 1 spell: Apportation
  9566 | D:8      | Found Plog's Antique Weapon Shoppe.
  9584 | D:8      | Bought an ancient hunting sling for 162 gold pieces
  9584 | D:8      | Identified the +6 hunting sling of Idweus {flame, rElec rN+
                  | Int-3} (You bought it in a shop on level 8 of the Dungeon)
  9630 | D:7      | Reached skill level 11 in Unarmed Combat
  9715 | D:5      | Killed Prince Ribbit
  9862 | D:7      | Reached XP level 10. HP: 81/81 MP: 16/16
 10197 | D:8      | Found Lazxinys's General Store.
 10200 | D:8      | Bought a potion of curing for 39 gold pieces
 10200 | D:8      | Bought a potion of heal wounds for 65 gold pieces
 10325 | D:8      | Reached * piety under Hepliaklqana
 10408 | D:8      | Found Coch's Assorted Antiques.
 10605 | D:8      | Found Ydiv's Antique Armour Emporium.
 10890 | D:9      | Noticed a two-headed ogre
 10914 | D:9      | Killed a two-headed ogre
 10915 | D:9      | Reached skill level 5 in Dodging
 10936 | D:9      | Noticed a two-headed ogre
 11246 | D:9      | Noticed a cyclops
 11256 | D:9      | Killed a cyclops
 11326 | D:9      | Killed a two-headed ogre
 11536 | D:9      | Reached skill level 5 in Summonings
 11589 | D:9      | Reached ** piety under Hepliaklqana
 11590 | D:9      | Remembered your ancestor Belle as a hexer
 11797 | D:10     | Entered Level 10 of the Dungeon
 11901 | D:10     | Reached XP level 11. HP: 82/82 MP: 17/17
 12166 | D:10     | Found a staircase to the Lair.
 12250 | D:10     | Found Qumur's Jewellery Boutique.
 12349 | D:8      | Bought a pair of shimmering boots for 313 gold pieces
 12349 | D:8      | Identified the +1 pair of boots of Feasting {Will- Int+7
                  | Slay+3} (You bought it in a shop on level 8 of the Dungeon)
 12861 | D:11     | Reached skill level 12 in Unarmed Combat
 13223 | D:11     | Noticed Fannar
 13382 | D:11     | Noticed Maurice
 13571 | D:10     | Reached skill level 1 in Invocations
 13801 | Lair:1   | Entered Level 1 of the Lair of Beasts
 13816 | Lair:1   | Noticed Nergalle
 13824 | Lair:1   | Killed Nergalle
 13825 | Lair:1   | Reached skill level 1 in Stealth
 14050 | Lair:1   | Noticed a six-headed hydra
 14073 | Lair:1   | Killed a six-headed hydra
 14319 | Lair:1   | Identified a scroll of acquirement
 14319 | Lair:1   | Acquired the +3 cloak of Sunlight {rC+ Slay+4}
 14364 | Lair:1   | Noticed an eight-headed hydra
 14370 | Lair:1   | Killed an eight-headed hydra
 14378 | Lair:1   | Reached XP level 12. HP: 54/90 MP: 0/18
 14717 | Lair:1   | Reached *** piety under Hepliaklqana
 15466 | Lair:2   | Reached skill level 5 in Spellcasting
 15478 | Lair:2   | Reached skill level 13 in Unarmed Combat
 15644 | Lair:2   | Noticed a five-headed hydra
 15653 | Lair:2   | Killed a five-headed hydra
 16060 | Lair:3   | Noticed a five-headed hydra
 16072 | Lair:3   | Killed a five-headed hydra
 16186 | Lair:3   | Noticed a six-headed hydra
 16194 | Lair:3   | Killed a six-headed hydra
 16488 | Lair:3   | Reached **** piety under Hepliaklqana
 16517 | Lair:3   | Found a staircase to the Snake Pit.
 16632 | Lair:3   | Found a staircase to the Shoals.
 16644 | Lair:3   | Reached skill level 10 in Translocations
 17380 | Lair:4   | Noticed a four-headed hydra
 17448 | Lair:4   | Reached XP level 13. HP: 89/96 MP: 23/23
 18938 | Lair:5   | Reached skill level 5 in Invocations
 19005 | Lair:4   | Reached skill level 14 in Unarmed Combat
 19365 | Lair:5   | Reached ***** piety under Hepliaklqana
 19372 | Lair:5   | Found a staircase to the Slime Pits.
 19854 | Lair:6   | Entered Level 6 of the Lair of Beasts
 22047 | Lair:6   | Reached XP level 14. HP: 102/102 MP: 10/26
 23051 | D:10     | Killed Maurice
 23282 | D:11     | Noticed Urug
 23567 | D:10     | Killed Urug
 23718 | D:11     | Killed Fannar
 23832 | D:11     | Found a staircase to the Orcish Mines.
 25456 | D:12     | Found a runed translucent gate.
 25456 | D:12     | Found a runed translucent gate.
 25456 | D:12     | Found a runed translucent gate.
 25458 | D:12     | Found an opulent altar of Gozag.
 25466 | D:12     | Noticed crimpus's ghost (journeyman TeAE)
 26525 | D:13     | Found a gate leading to a gauntlet.
 26539 | Gauntlet | Entered a Gauntlet
 26539 | Gauntlet | Found a transporter.
 26544 | Gauntlet | Noticed a quicksilver ooze
 26568 | Gauntlet | Found a transporter.
 26584 | Gauntlet | Found a transporter.
 26588 | Gauntlet | Found a transporter.
 26607 | Gauntlet | Found a transporter.
 26620 | Gauntlet | Found a transporter.
 26633 | Gauntlet | Found a transporter.
 26653 | Gauntlet | Found a transporter.
 26657 | Gauntlet | Found a transporter.
 26665 | Gauntlet | Found a transporter.
 26686 | Gauntlet | Found a transporter.
 26690 | Gauntlet | Found a transporter.
 26816 | Gauntlet | Identified the amulet of Attitude {Faith rCorr Dex+3}
 26890 | Gauntlet | Identified the +12 dagger of Starshine {drain, rElec Will+}
 27400 | D:13     | Noticed Erolcha
 27415 | D:13     | Killed Erolcha
 27416 | D:13     | Reached skill level 15 in Unarmed Combat
 27496 | D:13     | Found a hide-covered altar of Uskayaw.
 28805 | D:4      | Killed Pikel
 28997 | D:4      | Found a runed translucent door.
 28998 | D:4      | Noticed Crazy Yiuf
 29007 | D:4      | Killed Crazy Yiuf
 29050 | D:4      | Killed Duvessa
 29058 | D:4      | Killed Dowan
 29354 | Shoals:1 | Entered Level 1 of the Shoals
 29355 | Shoals:1 | Found a runed translucent door.
 29356 | Shoals:1 | Found a shimmering altar of Xom.
 29356 | Shoals:1 | Noticed Iwashere's ghost (journeyman MiBe)
 29370 | Shoals:1 | Reached skill level 5 in Stealth
 29549 | Lair:3   | Killed Iwashere's ghost
 29819 | Shoals:1 | Identified the amulet "Wejoamm" {Rampage rElec Regen+}
 31554 | Shoals:1 | Noticed a kraken
 31886 | Orc:1    | Entered Level 1 of the Orcish Mines
 31975 | Orc:1    | Found Gocw's Antique Armour Shop.
 32016 | Orc:1    | Found a transporter.
 32019 | Orc:1    | Found the +8 demon blade "Leech" {vamp, Harm Drain rN+}
 32020 | Orc:1    | Noticed Hesyel's ghost (journeyman MiGl)
 32185 | Orc:1    | Paralysed by an orc sorcerer for 4 turns
 32193 | Orc:1    | Reached XP level 15. HP: 59/109 MP: 28/28
 32478 | Orc:1    | Found a transporter.
 32645 | Orc:2    | Entered Level 2 of the Orcish Mines
 32850 | Orc:2    | Found a staircase to the Elven Halls.
 32946 | Orc:2    | Noticed an orc warlord
 34292 | Orc:2    | Noticed an orc warlord
 35521 | Orc:2    | Killed an orc warlord
 35522 | Orc:2    | Reached skill level 10 in Fighting
 35573 | Orc:2    | Killed an orc warlord
 36049 | Orc:2    | Paralysed by an orc sorcerer for 6 turns
 36219 | Orc:2    | Found Reomudak's General Store.
 36220 | Orc:2    | Found Zaufomie's Book Emporium.
 36222 | Orc:2    | Found Zevo's Antique Armour Shoppe.
 36222 | Orc:2    | Found Ugiqafor's Antique Weapon Shoppe.
 36237 | Orc:2    | Paralysed by an orc sorcerer for 3 turns
 36356 | D:10     | Bought the ring "Aghaxkyr" {rC+ Will+ Slay+6 Stlth+} for
                  | 938 gold pieces
 36464 | Orc:1    | Learned a level 5 spell: Blade Hands
 36477 | Orc:1    | Identified the +1 pair of gloves of Tisul {Str+4}
 36583 | Orc:1    | Slain by a warg

Illustrated notes

Levels and vault maps discovered:
D:1:      matt_arrival_los_fun, layout_rooms, nicolae_ecumenical_snake_handling,
          minmay_distorted
D:2:      layout_basic, serial_shops, shop, basic_altar, serial_curves,
          eino_curves_02, eino_curves_02, grunt_decor_fettered, st_stairs_6,
          grunt_decor_junction, item_on_display_a
D:3:      kennysheep_six_static_rooms, layout_loops_ring,
          mainiacjoe_overflow_tiny_flanked
D:4:      layout_cave_pools, grunt_temple_overflow_open,
          mainiacjoe_overflow_chevrons, minmay_misc_feat_rows, uniq_pikel,
          uniq_crazy_yiuf_cottage, uniq_duvessa, uniq_sigmund,
          uniq_blork_the_orc
D:5:      layout_rooms, chequers_garden, minmay_holes, uniq_edmund
D:6:      layout_loops_cross, uniq_prince_ribbit1
D:7:      layout_basic, jmf_multi_god_temple, gammafunk_temple_overflow_wave,
          minmay_temple_entry_waves, serial_park_tiny_2, minmay_manual_mess,
          uniq_harold
D:8:      layout_loops_ring, serial_shops, nicolae_square_shop, shop,
          nicolae_shop_stone, nicolae_stop_n_shop_2
D:9:      layout_stronghold
D:10:     layout_roguey, erik_lair_island, serial_shops,
          nicolae_shop_temple_entry_statues_fountains
D:11:     layout_big_octagon, david_orc_5,
          hangedman_abyss_or_decor_jellyfish_corner, uniq_urug, uniq_fannar,
          uniq_maurice
D:12:     statuecave_lemuel, layout_loops_corners, ebering_ghost_gozag,
          minmay_misc_feat_enclosed
D:13:     layout_roguey, grunt_vaults_entry_fortified, serial_shops,
          nicolae_shop_waterfront, gauntlet_entry_generic,
          dancing_weapons_uskayaw, uniq_erolcha
Temple:   eino_temple_water
Lair:1:   layout_cave_pods, serial_bayou, serial_bayou_pond_d,
          serial_bayou_shore_b, serial_bayou_crossing, serial_bayou_ford_a,
          chequers_serial_rivers_micro_b, uniq_nergalle
Lair:2:   layout_misc_corridors, chequers_serial_rivers_micro_e
Lair:3:   layout_cave_pods, minmay_shoals_entry_hut, dummy_snake_entry,
          grunt_megastairs_3, lemuel_fruit_tree, infiniplex_staircase_pool_2
Lair:4:   layout_long_grid, minivault_26, beast_lair_carwin_1
Lair:5:   layout_cave_shapes, dpeg_slime_entry_corner, grunt_megastairs_2,
          lemuel_fruit_fields
Lair:6:   gammafunk_lair_ancient_temple, layout_gridlike
Shoals:1: layout_shoals, ebering_ghost_xom
Orc:1:    layout_diamond_mine, gammafunk_ghost_berserking_beasts, serial_shops,
          nicolae_lakefront_shop
Orc:2:    st_orc_congregation, layout_diamond_mine, statue_in_the_mist_lemuel,
          mines3_lemuel

Skill      XL: |  1  2  3  4  5  6  7  8  9 10 11 12 13 14 15 |
---------------+----------------------------------------------+-----
Unarmed Combat | 3 4 5 6 7 9 10 11 12 13 14 15 | 15.0
Fighting       | 3 5 7 9 10 | 10.4
Dodging        | 3 4 5 6 7 8 |  8.8
Spellcasting   | 3 4 6 8 9 |  9.0
Translocations | 4 5 6 8 10 11 12 | 12.0
Summonings     | 3 5 7 8 9 |  9.0
Invocations    | 3 4 6 8 9 |  9.0
Stealth        | 2 3 5 6 |  6.0
Throwing       | |  0.8
Transmutations | |  0.4

Action                   |  1- 3 |  4- 6 |  7- 9 | 10-12 | 13-15 || total
-------------------------+-------+-------+-------+-------+-------++-------
Melee: Unarmed           |   148 |   165 |   334 |   472 |  1028 ||  2147
       Tailslap          |    12 |    21 |    45 |    90 |   151 ||   319
       Whip              |    22 |       |       |       |       ||    22
       Punch             |     2 |     5 |    27 |    37 |    86 ||   157
       Dagger            |       |       |       |       |     8 ||     8
 Fire: Hunting sling     |       |       |     6 |    21 |       ||    27
 Cast: Blink             |       |       |     1 |     1 |     4 ||     6
       Call Canine Famil |       |       |       |    14 |    38 ||    52
       Manifold Assault  |       |       |       |    15 |   207 ||   222
       Apportation       |       |       |       |       |     2 ||     2
Invok: Ancestor Life: He |       |       |       |     1 |       ||     1
       Ancestor Identity |       |       |       |     1 |       ||     1
       Recall Ancestor   |       |       |       |     3 |    14 ||    17
       Idealise          |       |       |       |       |     2 ||     2
 Abil: Breathe Steam     |       |       |    22 |    36 |    37 ||    95
  Use: Scroll            |     5 |     1 |     3 |     6 |    12 ||    27
       Potion            |       |       |       |       |     1 ||     1
 Stab: Sleeping          |     1 |       |     1 |     1 |     3 ||     6
       Distracted        |       |       |       |     5 |    10 ||    15
       Confused          |       |       |       |     4 |    11 ||    15
       Paralysed         |       |       |       |       |    11 ||    11
Armor: Skin              |    49 |    46 |   104 |   142 |   232 ||   573
Dodge: Dodged            |   137 |   118 |   226 |   291 |   441 ||  1213
